cohdb
Replays
Latest Replays
All Replays
Popular Replays
Top Player Replays
Match Explorer
How It Works
Community
CoH3 Stats
Reddit
Sign in to upload your games and track your stats! →
Sign in with Steam
Match 43258949
Unlisted
Match 43258949
Overview
Messages
Build Orders
End
Construct Barracks
Engineer Squad
M1 Mortar Team
Riflemen Squad
Riflemen Squad
Selects Advanced Infantry Battlegroup
Selects Convert to Ranger Squad
Convert to Ranger Squad
Ranger Squad
Convert to Ranger Squad
Selects Artillery Observers
Air Support Center
Construct Weapon Support Center
M3 Armored Personnel Carrier
Grasshopper Recon Run
MaWerrick
Gal
insane
iceman
0
0
Comments
sign in to comment!
No comments posted yet!